 Dungeon Crawl Stone Soup version 0.29-a0-495-g17b79114eb (webtiles) character file.

Game seed: 6066521749302790895

54 rabbitsville the Changer (level 3, -8/29 HPs)
             Began as a Barachi Transmuter on May 26, 2022.
             Mangled by Terence
             ... wielding a +0 flail
              (9 damage)
             ... on level 2 of the Dungeon on May 27, 2022.
             The game lasted 00:06:00 (1638 turns).

rabbitsville the Changer (Barachi Transmuter)       Turns: 1638, Time: 00:06:00

Health: -8/29      AC:  3    Str: 13    XL:     3   Next: 91%
Magic:  6/6        EV: 12    Int: 13    God:
Gold:   36         SH:  0    Dex: 12    Spells: 5/6 levels left

rFire   . . .      SeeInvis .     - Unarmed
rCold   . . .      Faith    .   (no shield)
rNeg    . . .      Spirit   .   a - +0 robe
rPois   .          Reflect  .   (helmet currently unavailable)
rElec   .          Harm     .   (no cloak)
rCorr   .          Rampage  .   h - +0 pair of gloves
Will    .....                   (boots currently unavailable)
Stlth   +.........              (no amulet)
HPRegen 0.09/turn               (no ring)
MPRegen 0.10/turn               (no ring)

@: appendages (expiring), slow
A: horns 2, talons 2, amphibious, slowness 1, strong legs 1, +LOS
a: Hop, End Transformation


You were on level 2 of the Dungeon.
You had temporarily grown beastly horns and talons.
You visited 1 branch of the dungeon, and saw 2 of its levels.

You collected 36 gold pieces.

Inventory:

Armour
 a - a +0 robe (worn)
 h - a +0 pair of gloves (worn)
Scrolls
 c - 2 scrolls of identify {unknown}
 i - a scroll of torment {unknown}
 j - a scroll of poison {unknown}
Potions
 b - 2 potions of lignification
 d - 2 potions of heal wounds {unknown}
 e - 2 potions of degeneration {unknown}
 f - 2 potions of haste {unknown}
 g - a potion of curing {unknown}


   Skills:
 + Level 3.1 Fighting
 - Level 2.1 Dodging
 - Level 3.2 Unarmed Combat
 - Level 2.1 Spellcasting
 + Level 3.5 Transmutations


You had 5 spell levels left.
You knew the following spells:

 Your Spells              Type           Power      Damage    Failure   Level
a - Beastly Appendage     Tmut           20%        N/A       6%          1

Your spell library contained the following spells:

 Spells                   Type           Power      Damage    Failure   Level
 Wereblood                Tmut           10%        N/A       9%          2
 Spider Form              Tmut/Pois      6%         N/A       36%         3
 Ice Form                 Ice/Tmut       6%         N/A       77%         4


Dungeon Overview and Level Annotations

Branches:
Dungeon (2/15)

Altars:

Shops:
D:1 :

Annotations:
D:2 Terence


Innate Abilities, Weirdness & Mutations

You have temporarily grown beastly horns and talons.
You are amphibious.
You cover ground slowly.
You can hop short distances.
You have an extended range of vision and can be seen from far away.


Message History

You hit Terence but do no damage.
Terence is moderately wounded.
You closely miss Terence.
Terence is moderately wounded.
Terence misses you.
You hit Terence but do no damage.
Terence is moderately wounded.
Terence misses you.
You closely miss Terence.
Terence is moderately wounded.
Terence hits you with a +0 flail.
You barely miss Terence. You claw Terence.
Terence is heavily wounded.
Terence barely misses you.
You hit Terence but do no damage. You headbutt Terence, but do no damage.
Terence is heavily wounded.
Terence barely misses you.
You hit Terence. You claw Terence. You headbutt Terence.
Terence is severely wounded.
Terence barely misses you.
You barely miss Terence. You headbutt Terence.
Terence is almost dead.
Terence hits you with a +0 flail!
* * * LOW HITPOINT WARNING * * *
You completely miss Terence. You headbutt Terence, but do no damage.
Terence is almost dead.
Terence barely misses you.
You hit Terence but do no damage. You claw Terence, but do no damage.
You headbutt Terence, but do no damage.
Terence is almost dead.
Your transformation is almost over.
Terence closely misses you.
You barely miss Terence. You headbutt Terence, but do no damage.
Terence is almost dead.
Terence hits you with a +0 flail.
* * * LOW HITPOINT WARNING * * *
You closely miss Terence.
Terence is almost dead.
Terence hits you with a +0 flail!
You die...

............Slh.<###
#.....:........h.#..
.........b..h...##.#
#.....<.#...h.###.#
##.####.####.# #..
.# #. #.# .# #> ##<#
.# #.#..# .. #..@##
.. #...@.# ..
..(.###.# .(..### .#
... . .. ## .


You could see Terence.

Vanquished Creatures
  A gnoll (D:1)
  A dart slug (D:1)
  3 bats (D:1)
  2 endoplasms (D:1)
  4 giant cockroaches (D:1)
  4 goblins (D:1)
  5 hobgoblins (D:1)
  6 jackals (D:1)
  2 quokkas
  A frilled lizard (D:1)
  3 kobolds (D:1)
  4 rats (D:1)
36 creatures vanquished.

Notes
Turn   | Place    | Note
-------+----------+-------------------------------------------
     0 | D:1      | rabbitsville the Barachi Transmuter began the quest for the
                  | Orb.
     0 | D:1      | Reached XP level 1. HP: 15/15 MP: 3/3
   254 | D:1      | Upgraded the game from 0.29-a0-490-g77b3608bb8 to
                  | 0.29-a0-495-g17b79114eb
   305 | D:1      | Reached XP level 2. HP: 10/22 MP: 3/5
   752 | D:1      | Reached XP level 3. HP: 28/28 MP: 6/6
   752 | D:1      | Found Coidaeg's Book Shop.
  1621 | D:2      | Noticed Terence
  1637 | D:2      | HP: 1/29 [Terence/+0 flail (4)]
  1638 | D:2      | Mangled by Terence

Illustrated notes

Levels and vault maps discovered:
D:1:      saegor_arrival_simple_a, layout_basic, serial_shops, shop
D:2:      layout_rooms, shapermc_ecumenical_altar_flowoftime, uniq_robin,
          uniq_natasha, uniq_terence, uniq_crazy_yiuf_cottage

Skill      XL: |  1  2  3 |
---------------+----------+-----
Fighting       | 2 3 |  3.1
Transmutations | 3 |  3.5
Dodging        | |  2.1
Unarmed Combat | |  3.2
Spellcasting   | |  2.1

Action                   || total
-------------------------++-------
Melee: Unarmed           ||    99
       Headbutt          ||    15
       Kick              ||    19
 Cast: Beastly Appendage ||    15
 Stab: Sleeping          ||     1
Armor: Robe              ||    13
Dodge: Dodged            ||    49

Table legend: (Time is in decaauts)
 A = Elapsed time spent in this place.
 B = Non-inter-level travel time spent in this place.
 C = Inter-level travel time spent in this place.
 D = Time resting spent in this place.
 E = Time spent auto-exploring this place.
 F = Levels seen in this place.
 G = Mean time per level.
                   A        B        C        D        E       F      G
               +--------+--------+--------+--------+--------+-----+--------+
         Total |   1813 |   1684 |    129 |      0 |   1316 |   2 |  906.5 |
       Dungeon |   1813 |   1684 |    129 |      0 |   1316 |   2 |  906.5 |
               +--------+--------+--------+--------+--------+-----+--------+

Top non-repeatable levels by time:
     D:1: 1789 daAuts
     D:2: 24 daAuts
